 Dungeon Crawl Stone Soup version 0.23.2 (webtiles) character file.

Game seed: 7501714930436084441

16 Lusmu the Grasshopper (level 2, -4/27 HPs)
             Began as a Naga Warper on Apr 1, 2019.
             Killed from afar by Sigmund (31 damage)
             ... with an exploding inner flame
             ... hexed by the player character
             ... on level 2 of the Dungeon.
             The game lasted 00:04:48 (858 turns).

Lusmu the Grasshopper (Naga Warper)                  Turns: 858, Time: 00:04:49

Health: -4/27      AC:  6    Str: 18    XL:     2   Next: 54%
Magic:  5/5        EV: 15    Int: 13    God:
Gold:   8          SH:  0    Dex: 15    Spells: 5/5 levels left

rFire    . . .     SeeInvis +   a - +0 spear
rCold    . . .     Gourm    .   (no shield)
rNeg     . . .     Faith    .   b - +1 leather armour
rPois    +         Spirit   .   (no helmet)
rElec    .         Reflect  .   g - +2 cloak
rCorr    .         Harm     .   (no gloves)
MR       .....                  (no barding)
Stlth    +++.......             (no amulet)
HPRegen  0.09/turn              h - +5 ring of strength
MPRegen  0.09/turn              (no ring)

@: agile, short of breath, very slightly contaminated, very slow
A: large, see invisible, deformed body, poison resistance, slowness 2, slow
metabolism 1, spit poison 1, AC +0
a: Spit Poison


You were on level 2 of the Dungeon.
You were not hungry.

You visited 1 branch of the dungeon, and saw 2 of its levels.

You collected 8 gold pieces.

Inventory:

Hand Weapons
 a - a +0 spear (weapon)
Missiles
 e - 5 tomahawks of dispersal (quivered)
 n - 7 curare-tipped needles
Armour
 b - a +1 leather armour (worn)
 g - a +2 cloak (worn)
Jewellery
 h - a +5 ring of strength (left hand)
Potions
 o - a potion of degeneration {unknown}
Comestibles
 f - 3 rations


   Skills:
 + Level 2.3 Fighting
 + Level 2.4 Polearms
 - Level 0.8 Throwing
 - Level 0.7 Armour
 - Level 1.5 Dodging
 + Level 1.8 Stealth
 - Level 2.0 Spellcasting
   Level 3.0 Translocations


You had 5 spell levels left.
You didn't know any spells.
Your spell library contained the following spells:

 Spells                   Type           Power        Failure   Level  Hunger
 Blink                    Tloc           N/A          13%         2    ###....
 Shroud of Golubria       Chrm/Tloc      #.........   24%         2    ###....
 Gell's Gravitas          Tloc           #.........   26%         3    ####...
 Lesser Beckoning         Tloc           #.........   26%         3    ####...
 Teleport Other           Tloc           #.......     26%         3    ####...
 Passage of Golubria      Tloc           N/A          65%         4    #####..


Dungeon Overview and Level Annotations

Branches:
Dungeon (2/15)

Altars:


Innate Abilities, Weirdness & Mutations

You cannot wear boots.
Your serpentine skin is tough. (AC +0)
You have supernaturally acute eyesight. (SInv)
Armour fits poorly on your strangely shaped body.
Your system is resistant to poisons. (rPois)
You cover ground very slowly.
You have a slow metabolism.
You can spit poison.


Message History

Sigmund is severely wounded.
You barely miss Sigmund.
Sigmund is severely wounded.
Sigmund hits you with a +0 scythe!
* * * LOW HITPOINT WARNING * * *
You closely miss Sigmund.
Sigmund is severely wounded.
Sigmund casts a spell at you. The puff of flame hits you.
* * * LOW HITPOINT WARNING * * *
Press: ? - help, Shift-Dir - straight line, f/p - Sigmund
Aim: Sigmund, wielding a +0 scythe and wearing a +0 robe (severely wounded, slightly transparent, inner flame)
The splash of poison hits Sigmund.
Sigmund is poisoned.
Sigmund is almost dead.
You feel slightly more hungry. Sigmund misses you.
It was a potion of heal wounds.
You feel much better.
Sigmund explodes!
The fiery explosion engulfs you!!
Ouch! That really hurt!
You die...

*,,,** *,*,*#.# #.#
**,,,* *,*,*#.###.#
*,,,* *,*,*#.....######
**,,* *,*,*######.....#
*,,***,*,* #.###.#
**##.,**,*.#######.# #.#
,,,..,,,,*.........# #.#
,**#..*###############.#
,* *.@*#......§§@......#
,***#.##§###############
,,,,#..#.# ,,,,*#.#@#
,,,<*#...# ,,,,,##..#
,***,*#..# ,,,*,*#.>#
,***,*####


There were no monsters in sight!

Vanquished Creatures
  A dart slug (D:1)
  A goblin (D:1)
  3 hobgoblins (D:1)
  4 kobolds (D:1)
  2 bats (D:1)
  2 frilled lizards
  A rat (D:1)
14 creatures vanquished.

Notes
Turn   | Place    | Note
-------+----------+-------------------------------------------
     0 | D:1      | Lusmu the Naga Warper began the quest for the Orb.
     0 | D:1      | Reached XP level 1. HP: 19/19 MP: 3/3
   123 | D:1      | Reached skill level 1 in Stealth
   272 | D:1      | Reached XP level 2. HP: 21/26 MP: 5/5
   822 | D:2      | Noticed Sigmund
   858 | D:2      | Killed Sigmund
   858 | D:2      | Killed from afar by Sigmund

Skill      XL: |  1 |
---------------+----+-----
Stealth        | 1 |  1.8
Fighting       | |  2.3
Polearms       | |  2.4
Throwing       | |  0.8
Armour         | |  0.7
Dodging        | |  1.5
Spellcasting   | |  2.0
Translocations | |  3.0

Action                   || total
-------------------------++-------
Melee: Spear             ||    85
 Abil: Spit Poison       ||     3
  Use: Scroll            ||     5
       Potion            ||     2
Armor: Leather armour    ||    27
Dodge: Dodged            ||    46
